cohdb
Replays
Latest Replays
All Replays
Popular Replays
Top Player Replays
Match Explorer
How It Works
Community
CoH3 Stats
Reddit
Sign in to upload your games and track your stats! →
Sign in with Steam
Match 42649842
Unlisted
Match 42649842
Overview
Messages
Build Orders
End
Construct Weapon Support Center
Engineer Squad
M1919 Machine Gun Team
M1919 Machine Gun Team
M1919 Machine Gun Team
Infantry Support Center
M1919 Machine Gun Team
Bazooka Squad
Construct Barracks
Bazooka Squad
M1 Mortar Team
Construct Motor Pool
M1 Anti-tank Gun Team
Riflemen Squad
Masheen
XuZhongwei
0
0
Comments
sign in to comment!
No comments posted yet!